PL
RICHARDSON CITY THUNDERCATS @ CHICAGO GOLD SOX
08/29/2021
 
TOP OF THE 1ST
Richardson City Thundercats batting - Pitching for Chicago Gold Sox : RHP Wayne Hurst
Pitching: RHP Wayne Hurst
Batting: RHB Juan Cabrera 0-0: Ball
1-0: SINGLE (Groundball, 13) (infield hit)
Batting: SHB Leonard O'Connor 0-0: Ball
1-0: Ball
2-0: Ball
3-0: Base on Balls
Juan Cabrera to second
Batting: RHB Iván Pérez 0-0: Ball
1-0: Swinging Strike
1-1: Ball
2-1: Foul Ball, location: 2F
2-2: Ball
3-2: Base on Balls
Juan Cabrera to third
Leonard O'Connor to second
Batting: LHB Terrence Eler 0-0: Ball
1-0: Fly out, F9 (Flyball, 9LM)
Runner from 3rd tags up, SCORES, no throw
Batting: RHB Nate Cates 0-0: Ball
1-0: Foul Ball, location: 2F
1-1: Foul Ball, location: 2F
1-2: Ball
2-2: Foul Ball, location: 2F
2-2: Strikes out looking
Batting: RHB Joey Jones 0-0: Called Strike
0-1: Called Strike
0-2: Foul Ball, location: 2F
0-2: Ground out 6-3 (Groundball, 6)
Top of the 1st over - 1 run(s), 1 hit(s), 0 error(s), 2 left on base; Richardson City 1 - Chicago 0
BOTTOM OF THE 1ST
Chicago Gold Sox batting - Pitching for Richardson City Thundercats : RHP Ryan Davis
Pitching: RHP Ryan Davis
Batting: LHB Jack Mason 0-0: Foul Ball, location: 2F
0-1: Swinging Strike
0-2: Foul Ball, location: 2F
0-2: Foul Ball, location: 2F
0-2: Ball
1-2: Fly out, F9 (Line Drive, 9LM)
Batting: LHB Chris Hill 0-0: Called Strike
0-1: Called Strike
0-2: Ball
1-2: Foul Ball, location: 2F
1-2: Ball
2-2: Foul Ball, location: 2F
2-2: Strikes out looking
Batting: RHB Tyrone Scott 0-0: Called Strike
0-1: Ball
1-1: Fly out, F8 (Line Drive, 6MD)
Bottom of the 1st over - 0 run(s), 0 hit(s), 0 error(s), 0 left on base; Richardson City 1 - Chicago 0
TOP OF THE 2ND
Richardson City Thundercats batting - Pitching for Chicago Gold Sox : RHP Wayne Hurst
Batting: SHB Eugene Parrish 0-0: Ball
1-0: Ground out U3 (Groundball, 3)
Batting: RHB Steve Dunn 0-0: Swinging Strike
0-1: Swinging Strike
0-2: Fly out, F6 (Line Drive, 56)
Batting: LHB Jack Schmitt 0-0: Called Strike
0-1: Swinging Strike
0-2: Ball
1-2: Strikes out swinging
Top of the 2nd over - 0 run(s), 0 hit(s), 0 error(s), 0 left on base; Richardson City 1 - Chicago 0
BOTTOM OF THE 2ND
Chicago Gold Sox batting - Pitching for Richardson City Thundercats : RHP Ryan Davis
Batting: RHB Chris Smith 0-0: Foul Ball, location: 2F
0-1: Ball
1-1: Foul Ball, location: 2F
1-2: Ball
2-2: Ground out 5-3 (Groundball, 56S)
Batting: LHB Herman Hayes 0-0: Ball
1-0: Ball
2-0: Ball
3-0: Called Strike
3-1: Ground out 4-3 (Groundball, 4)
Batting: LHB Do-hyung Nam 0-0: SINGLE (Groundball, 6M)
Batting: LHB William Wise 0-0: Ball
1-0: Ball
2-0: Ball
3-0: Swinging Strike
3-1: Base on Balls
Do-hyung Nam to second
Batting: LHB Alfonso Martínez 0-0: Foul Ball, location: 2F
0-1: Ball
1-1: Swinging Strike
1-2: Strikes out swinging
Bottom of the 2nd over - 0 run(s), 1 hit(s), 0 error(s), 2 left on base; Richardson City 1 - Chicago 0
TOP OF THE 3RD
Richardson City Thundercats batting - Pitching for Chicago Gold Sox : RHP Wayne Hurst
Batting: RHB Juan Cabrera 0-0: Ball
1-0: Called Strike
1-1: Swinging Strike
1-2: Ball
2-2: Ball
3-2: Foul Ball, location: 2F
3-2: Foul Ball, location: 2F
3-2: SINGLE (Groundball, 6MD)
Batting: SHB Leonard O'Connor 0-0: Ball
1-0: Swinging Strike
1-1: Swinging Strike
1-2: Ball
2-2: Ball
3-2: Fly out, F9 (Flyball, 9S)
Batting: RHB Iván Pérez 0-0: Called Strike
Juan Cabrera steals 2nd base
0-1: Reached on error, E6 (Groundball, 6M)
Juan Cabrera to third
Batting: LHB Terrence Eler 0-0: Ball
1-0: Ball
2-0: TRIPLE (Line Drive, 9LM)
Juan Cabrera scores
Iván Pérez scores
Batting: RHB Nate Cates 0-0: Called Strike
0-1: Ball
1-1: 2-RUN HOME RUN (Line Drive, 89XD), Distance : 426 ft
Batting: RHB Joey Jones 0-0: Ball
1-0: Ground out 5-3 (Groundball, 56)
Batting: SHB Eugene Parrish 0-0: Foul Ball, location: 2F
0-1: Ball
1-1: Ball
2-1: Ball
3-1: Called Strike
3-2: Base on Balls
Batting: RHB Steve Dunn 0-0: Ground out 6-3 (Groundball, 6)
Top of the 3rd over - 4 run(s), 3 hit(s), 1 error(s), 1 left on base; Richardson City 5 - Chicago 0
BOTTOM OF THE 3RD
Chicago Gold Sox batting - Pitching for Richardson City Thundercats : RHP Ryan Davis
Batting: RHB David Edwards 0-0: Ball
1-0: SINGLE (Line Drive, 56)
Batting: LHB Jack Mason 0-0: Ball
1-0: Ball
2-0: Swinging Strike
2-1: Swinging Strike
2-2: Foul Ball, location: 2F
2-2: Strikes out swinging
Batting: LHB Chris Hill 0-0: Grounds into double play, 6-4-3 (Groundball, 6)
Bottom of the 3rd over - 0 run(s), 1 hit(s), 0 error(s), 0 left on base; Richardson City 5 - Chicago 0
TOP OF THE 4TH
Richardson City Thundercats batting - Pitching for Chicago Gold Sox : RHP Wayne Hurst
Batting: LHB Jack Schmitt 0-0: Swinging Strike
0-1: Ball
1-1: Swinging Strike
1-2: Ball
2-2: Ball
3-2: Strikes out swinging
Batting: RHB Juan Cabrera 0-0: Called Strike
0-1: Ball
1-1: Called Strike
1-2: Foul Ball, location: 2F
1-2: Strikes out swinging
Batting: SHB Leonard O'Connor 0-0: Foul Ball, location: 2F
0-1: Swinging Strike
0-2: Foul Ball, location: 2F
0-2: Ground out 4-3 (Groundball, 4M)
Top of the 4th over - 0 run(s), 0 hit(s), 0 error(s), 0 left on base; Richardson City 5 - Chicago 0
BOTTOM OF THE 4TH
Chicago Gold Sox batting - Pitching for Richardson City Thundercats : RHP Ryan Davis
Batting: RHB Tyrone Scott 0-0: Ball
1-0: Ground out 5-3 (Groundball, 56)
Batting: RHB Chris Smith 0-0: Foul Ball, location: 2F
0-1: Ball
1-1: Ball
2-1: Ground out 6-3 (Groundball, 6)
Batting: LHB Herman Hayes 0-0: SINGLE (Line Drive, 34D)
Batting: LHB Do-hyung Nam 0-0: Foul Ball, location: 2F
0-1: Called Strike
0-2: Strikes out swinging
Bottom of the 4th over - 0 run(s), 1 hit(s), 0 error(s), 1 left on base; Richardson City 5 - Chicago 0
TOP OF THE 5TH
Richardson City Thundercats batting - Pitching for Chicago Gold Sox : RHP Wayne Hurst
Batting: RHB Iván Pérez 0-0: Ball
1-0: Foul Ball, location: 2F
1-1: Swinging Strike
1-2: Strikes out swinging
Batting: LHB Terrence Eler 0-0: Called Strike
0-1: Ball
1-1: Foul Ball, location: 2F
1-2: Strikes out swinging
Batting: RHB Nate Cates 0-0: Swinging Strike
0-1: Foul Ball, location: 2F
0-2: Strikes out swinging
Top of the 5th over - 0 run(s), 0 hit(s), 0 error(s), 0 left on base; Richardson City 5 - Chicago 0
BOTTOM OF THE 5TH
Chicago Gold Sox batting - Pitching for Richardson City Thundercats : RHP Ryan Davis
Batting: LHB William Wise 0-0: Called Strike
0-1: Ball
1-1: Ball
2-1: Ball
3-1: Fly out, F7 (Popup, 6D)
Batting: LHB Alfonso Martínez 0-0: Called Strike
0-1: Ground out 4-3 (Groundball, 4)
Batting: RHB David Edwards 0-0: Ball
1-0: Called Strike
1-1: Swinging Strike
1-2: Foul Ball, location: 2F
1-2: Ground out 1-3 (Groundball, 15S)
Bottom of the 5th over - 0 run(s), 0 hit(s), 0 error(s), 0 left on base; Richardson City 5 - Chicago 0
TOP OF THE 6TH
Richardson City Thundercats batting - Pitching for Chicago Gold Sox : RHP Wayne Hurst
Batting: RHB Joey Jones 0-0: Called Strike
0-1: Ball
1-1: Foul Ball, location: 2F
1-2: Fly out, F9 (Flyball, 89M)
Pitching: RHP Makoto Kato
Batting: SHB Eugene Parrish 0-0: Called Strike
0-1: Ball
1-1: Foul Ball, location: 2F
1-2: Ball
2-2: Ball
3-2: Strikes out swinging
Batting: RHB Steve Dunn 0-0: Called Strike
0-1: Ball
1-1: Swinging Strike
1-2: Foul Ball, location: 2F
1-2: Strikes out swinging
Top of the 6th over - 0 run(s), 0 hit(s), 0 error(s), 0 left on base; Richardson City 5 - Chicago 0
BOTTOM OF THE 6TH
Chicago Gold Sox batting - Pitching for Richardson City Thundercats : RHP Ryan Davis
Batting: LHB Jack Mason 0-0: Ball
1-0: Called Strike
1-1: Called Strike
1-2: Foul Ball, location: 2F
1-2: Ball
2-2: Strikes out swinging
Batting: LHB Chris Hill 0-0: Ground out 4-3 (Groundball, 4)
Batting: RHB Tyrone Scott 0-0: Called Strike
0-1: Ground out 4-3 (Groundball, 4)
Bottom of the 6th over - 0 run(s), 0 hit(s), 0 error(s), 0 left on base; Richardson City 5 - Chicago 0
TOP OF THE 7TH
Richardson City Thundercats batting - Pitching for Chicago Gold Sox : RHP Makoto Kato
Batting: LHB Jack Schmitt 0-0: Ball
1-0: Ball
2-0: Called Strike
2-1: Ball
3-1: Called Strike
3-2: Foul Ball, location: 2F
3-2: Fly out, F7 (Flyball, 7M)
Batting: RHB Juan Cabrera 0-0: Ball
1-0: Foul Ball, location: 2F
1-1: Called Strike
1-2: Ball
2-2: Strikes out looking
Batting: SHB Leonard O'Connor 0-0: Ball
1-0: Called Strike
1-1: Ball
2-1: Ball
3-1: Foul Ball, location: 2F
3-2: Strikes out swinging
Top of the 7th over - 0 run(s), 0 hit(s), 0 error(s), 0 left on base; Richardson City 5 - Chicago 0
BOTTOM OF THE 7TH
Chicago Gold Sox batting - Pitching for Richardson City Thundercats : RHP Ryan Davis
Batting: RHB Chris Smith 0-0: Ball
1-0: Ball
2-0: Ball
3-0: Called Strike
3-1: Swinging Strike
3-2: Strikes out swinging
Batting: LHB Herman Hayes 0-0: Ball
1-0: Foul Ball, location: 2F
1-1: Ball
2-1: SINGLE (Groundball, 56D)
Batting: LHB Do-hyung Nam 0-0: Ball
1-0: Fly out, F4 (Line Drive, 34D)
Batting: LHB William Wise 0-0: SINGLE (Groundball, 6MD)
Herman Hayes to second
Runner from 2nd tries for 3rd, SAFE, throw made to third
Batting: LHB Alfonso Martínez 0-0: Ball
1-0: Called Strike
1-1: Ball
2-1: SINGLE (Line Drive, 89M)
Herman Hayes scores
William Wise to second
Runner from 2nd tries for 3rd, SAFE, throw made to third
Alfonso Martínez to second
Batting: RHB David Edwards 0-0: Ball
1-0: Foul Ball, location: 2F
1-1: Ground out 1-3 (Groundball, 15)
Bottom of the 7th over - 1 run(s), 3 hit(s), 0 error(s), 2 left on base; Richardson City 5 - Chicago 1
TOP OF THE 8TH
Richardson City Thundercats batting - Pitching for Chicago Gold Sox : RHP Makoto Kato
Batting: RHB Iván Pérez 0-0: Foul Ball, location: 2F
0-1: Called Strike
0-2: Ball
1-2: Ball
2-2: Strikes out looking
Batting: LHB Terrence Eler 0-0: Swinging Strike
0-1: Foul Ball, location: 2F
0-2: Ball
1-2: Ball
2-2: Ground out 6-3 (Groundball, 6M)
Pitching: LHP Fernando Castro
Batting: RHB Nate Cates 0-0: Ball
1-0: Ball
2-0: Ball
3-0: Base on Balls
Batting: RHB Joey Jones 0-0: Ball
1-0: Called Strike
1-1: Ball
2-1: Ground out U3 (Groundball, 3)
Top of the 8th over - 0 run(s), 0 hit(s), 0 error(s), 1 left on base; Richardson City 5 - Chicago 1
BOTTOM OF THE 8TH
Chicago Gold Sox batting - Pitching for Richardson City Thundercats : RHP Ryan Davis
Batting: LHB Jack Mason 0-0: Ground out 4-3 (Groundball, 34)
Batting: LHB Chris Hill 0-0: Ground out 6-3 (Groundball, 6M)
Batting: RHB Tyrone Scott 0-0: Ball
1-0: SINGLE (Groundball, 15S) (infield hit)
Batting: RHB Chris Smith 0-0: Swinging Strike
0-1: Foul Ball, location: 2F
0-2: Foul Ball, location: 2F
0-2: Ball
1-2: Ball
2-2: Fly out, F4 (Line Drive, 4)
Bottom of the 8th over - 0 run(s), 1 hit(s), 0 error(s), 1 left on base; Richardson City 5 - Chicago 1
TOP OF THE 9TH
Richardson City Thundercats batting - Pitching for Chicago Gold Sox : LHP Fernando Castro
Batting: SHB Eugene Parrish 0-0: Ground out 5-3 (Groundball, 56S)
Batting: RHB Steve Dunn 0-0: Ball
1-0: Ball
2-0: SOLO HOME RUN (Flyball, 78XD), Distance : 428 ft
Batting: LHB Jack Schmitt 0-0: Called Strike
0-1: Ball
1-1: Called Strike
1-2: Ground out U3 (Groundball, 3)
Batting: RHB Juan Cabrera 0-0: Called Strike
0-1: Ball
1-1: Foul Ball, location: 2F
1-2: Foul Ball, location: 2F
1-2: Strikes out looking
Top of the 9th over - 1 run(s), 1 hit(s), 0 error(s), 0 left on base; Richardson City 6 - Chicago 1
BOTTOM OF THE 9TH
Chicago Gold Sox batting - Pitching for Richardson City Thundercats : RHP Ryan Davis
Now at 1B: Aurelio Vázquez
Batting: LHB Herman Hayes 0-0: Ball
1-0: Called Strike
1-1: Foul Ball, location: 2F
1-2: Ball
2-2: Strikes out swinging
Batting: LHB Do-hyung Nam 0-0: Ball
1-0: Called Strike
1-1: Ball
2-1: Ground out 6-3 (Groundball, 6)
Batting: LHB William Wise 0-0: Called Strike
0-1: Ball
1-1: Swinging Strike
1-2: Strikes out swinging
Bottom of the 9th over - 0 run(s), 0 hit(s), 0 error(s), 0 left on base; Richardson City 6 - Chicago 1
This league is powered by Out of the Park Baseball, the baseball management simulation game for PC, Mac and Linux
Friday, January 22nd, 2016 - OOTP Baseball 16.9 Build 39